 Dungeon Crawl Stone Soup version 0.25-a0-410-g53dbb631d1 (webtiles) character file.

Game seed: 12634032934877788960, levelgen mode: deterministic

226044 Epan the Scorcher (level 19, -1/117 HPs)
             Began as a Gargoyle Earth Elementalist on Jan 12, 2020.
             Was the Champion of Vehumet.
             Slain by a deep elf annihilator
             ... wielding a +0 long sword
              (4 damage)
             ... on level 3 of the Elven Halls on Jan 13, 2020.
             The game lasted 02:28:56 (40411 turns).

Epan the Scorcher (Gargoyle Earth Elementalist)    Turns: 40411, Time: 02:28:57

Health: -1/117     AC: 38    Str: 18    XL:     19   Next: 34%
Magic:  38/38      EV: 18    Int: 29    God:    Vehumet [******]
Gold:   2380       SH:  0    Dex: 13    Spells: 7/41 levels left

rFire    + . .     SeeInvis .   v - +11 rapier of Stickiness {pierce, rPois MR+ Str+4 Dex+3}
rCold    + . .     Gourm    .   (no shield)
rNeg     + . .     Faith    .   q - +2 robe {rC+ rF+}
rPois    ∞         Spirit   .   X - +2 helmet {Int+3}
rElec    +         Reflect  .   o - +1 cloak
rCorr    +         Harm     .   l - +1 pair of gloves
MR       ++...     Clarity  +   f - +2 pair of boots {Stlth+}
Stlth    ++........             Q - amulet of regeneration
HPRegen  0.69/turn              k - ring "Komoos" {rCorr Int+4}
MPRegen  0.26/turn              K - ring of Robustness {AC+8}

@: about to teleport, flying
A: big wings, talons 1, clarity, high mp 1, negative energy resistance 1,
electricity resistance, unbreathing, petrification resistance, rot immunity,
MP-powered wands, AC +14
}: 1/15 runes: barnacled
a: Stop Flying, Renounce Religion


You were on level 3 of the Elven Halls.
You worshipped Vehumet.
Vehumet was exalted by your worship.
You were not hungry.

You visited 7 branches of the dungeon, and saw 34 of its levels.
You visited the Abyss 1 time.
You also visited: Ossuary and Gauntlet.

You collected 3559 gold pieces.
You spent 1179 gold pieces at shops.

Inventory:

Hand Weapons
 v - the +11 rapier of Stickiness (weapon) {pierce, rPois MR+ Str+4 Dex+3}
   (You found it on level 7 of the Dungeon)

   It inflicts extra damage upon your enemies.
   It affects your strength (+4).
   It affects your dexterity (+3).
   It protects you from poison.
   It affects your resistance to hostile enchantments.
 B - a +4 eveningstar of protection
Missiles
 b - 684 stones (quivered)
 P - 4 throwing nets
Armour
 f - a +2 pair of boots of stealth (worn)
 l - a +1 pair of gloves (worn)
 o - a +1 cloak (worn)
 q - a +2 robe of resistance (worn)
 y - the +3 pair of gloves of Xeeb {+Inv rF- MR+ rCorr Str+3}
   (You found it on level 3 of the Shoals)

   It affects your strength (+3).
   It makes you vulnerable to fire.
   It affects your resistance to hostile enchantments.
   It lets you turn invisible.
   It provides partial protection from all sources of acid and corrosion.
 X - a +2 helmet of intelligence (worn)
Jewellery
 e - an uncursed ring of fire
 k - the ring "Komoos" (left hand) {rCorr Int+4}
   (You found it in a Gauntlet)

   [ring of resist corrosion]

   It affects your intelligence (+4).
   It provides partial protection from all sources of acid and corrosion.
 K - the ring of Robustness (right hand) {AC+8}
   (You found it on level 10 of the Dungeon)

   [ring of protection]

   It affects your AC (+8).
 Q - an amulet of regeneration (around neck)
Wands
 a - a wand of polymorph (42)
 m - a wand of iceblast (12)
 x - a wand of disintegration (18)
 C - a wand of clouds (16)
 L - a wand of acid (5)
 O - a wand of flame (19)
Scrolls
 g - 9 scrolls of teleportation
 j - 2 scrolls of blinking
 s - 14 scrolls of remove curse
 F - 3 scrolls of enchant weapon
 H - 2 scrolls of immolation
 N - 11 scrolls of amnesia
 W - 6 scrolls of identify
 Z - a scroll of holy word
Potions
 i - a potion of brilliance
 n - 5 potions of magic
 p - 6 potions of lignification
 r - 2 potions of might
 t - 11 potions of curing
 u - 3 potions of berserk rage
 z - 6 potions of resistance
 G - 2 potions of ambrosia
 I - 2 potions of cancellation
 M - 5 potions of haste
 R - 6 potions of agility
Miscellaneous
 S - a lamp of fire
 V - a sack of spiders
Comestibles
 c - 4 chunks of flesh
 d - 33 rations


   Skills:
 + Level 12.4 Fighting
 - Level 8.0 Short Blades
 + Level 8.5 Maces & Flails
 - Level 6.0 Armour
 + Level 10.0 Dodging
 - Level 2.1 Stealth
 + Level 11.6 Spellcasting
 + Level 13.2 Conjurations
   Level 0.7 Transmutations
 * Level 16.5 Fire Magic
 + Level 14.8 Earth Magic
 - Level 6.0 Evocations


You had 7 spell levels left.
You knew the following spells:

 Your Spells              Type           Power        Failure   Level  Hunger
a - Sandblast             Erth           ######       0%          1    None
b - Stone Arrow           Conj/Erth      ######       1%          3    None
c - Lee's Rapid Deconstr  Erth           #######...   1%          5    ###....
d - Iron Shot             Conj/Erth      #######...   1%          6    #####..
e - Fireball              Conj/Fire      #######...   1%          5    ###....
f - Starburst             Conj/Fire      #######...   1%          6    #####..
g - Ignition              Fire           #######...   7%          8    #######

Your spell library contained the following spells:

 Spells                   Type           Power        Failure   Level  Hunger
 Lehudib's Crystal Spear  Conj/Erth      #######...   17%         8    #######
 Fire Storm               Conj/Fire      #######...   83%         9    #######
 Chain Lightning          Conj/Air       ######....   96%         8    #######
 Conjure Flame            Conj/Fire      #######.     0%          3    None
 Freeze                   Ice            ###.         1%          1    None
 Shock                    Conj/Air       ####         1%          1    None
 Passwall                 Tmut/Erth      ######..     1%          2    None
 Dazzling Flash           Conj/Hex       ######       1%          3    None
 Mephitic Cloud           Conj/Pois/Air  #####...     1%          3    None
 Static Discharge         Conj/Air       ######..     1%          3    None
 Hailstorm                Conj/Ice       ######..     1%          4    None
 Petrify                  Tmut/Erth      ######..     1%          4    None
 Lightning Bolt           Conj/Air       ######....   1%          5    ###....
 Beastly Appendage        Tmut           ###...       2%          1    None
 Animate Skeleton         Necr           N/A          3%          1    None
 Corona                   Hex            ###....      3%          1    None
 Pain                     Necr           ###.         3%          1    None
 Summon Butterflies       Summ           ###.....     3%          1    None
 Sticks to Snakes         Tmut           ###.....     3%          2    None
 Ensorcelled Hibernation  Hex/Ice        ###...       4%          2    None
 Poisonous Vapours        Pois/Air       ###...       4%          2    None
 Swiftness                Chrm/Air       ###.....     4%          2    None
 Spider Form              Tmut/Pois      ###.......   9%          3    None
 Airstrike                Air            ###.......   9%          4    None
 Call Canine Familiar     Summ           ###.....     10%         3    None
 Confusing Touch          Hex            ###.....     10%         3    None
 Ozocubu's Armour         Chrm/Ice       ###.....     10%         3    None
 Tukima's Dance           Hex            ###.....     10%         3    None
 Vampiric Draining        Necr           ###.......   10%         3    None
 Freezing Cloud           Conj/Ice/Air   #####.....   21%         6    #####..
 Ice Form                 Ice/Tmut       ###.....     26%         4    None
 Animate Dead             Necr           N/A          32%         4    None
 Summon Ice Beast         Ice/Summ       ###.....     32%         4    None
 Blade Hands              Tmut           ###.......   54%         5    ###....
 Agony                    Necr           ###.....     65%         5    ###....
 Summon Mana Viper        Hex/Summ       ###.....     65%         5    ###....
 Ring of Flames           Chrm/Fire      ######....   67%         7    ######.
 Summon Hydra             Summ           ###.......   100%        7    ######.
 Shatter                  Erth           #######...   85%         9    #######
 Dragon's Call            Summ           ###.......   100%        9    #######
 Tornado                  Air            ###.......   100%        9    #######


Dungeon Overview and Level Annotations

Branches:
Dungeon (15/15)            Temple (1/1) D:4            Lair (6/6) D:8
 Shoals (4/4) Lair:4        Snake (3/4) Lair:4        Slime (0/5) Lair:5
    Orc (2/2) D:11            Elf (3/3) Orc:2        Vaults (0/5) D:14
 Depths (0/5) D:15        Ossuary (visited)         Gauntlet (visited)

Altars:
Ashenzari
Cheibriados
Dithmenos
Elyvilon
Fedhas
Gozag
Hepliaklqana
Kikubaaqudgha
Makhleb
Nemelex Xobeh
Qazlal
Ru
Sif Muna
Trog
Uskayaw
Vehumet
Wu Jian
Xom
Yredelemnul
Zin
Beogh

Shops:
D:4 ?   D:10 %   Orc:1 [[   Orc:2 :([*   Elf:1 :   Shoals:1 =

Portals:
Hell: Lair:6
Trove: D:15 (give 2 scrolls of acquirement)

Annotations:
D:14 1 runed translucent door, Gaefyoc's ghost, journeyman KoWz
Elf:2 5 runed translucent doors, exclusion: 6 doors
Elf:3 1 exclusion


Innate Abilities, Weirdness & Mutations

You are resistant to torment.
Your stone body is resilient. (AC +14)
You are immune to poison.
Your large and strong wings let you fly indefinitely.
You resist negative energy. (rN+)
You are resistant to electric shocks. (rElec)
You can survive without breathing.
You are immune to petrification.
You are immune to rotting.
You have sharp toenails.
You possess an exceptional clarity of mind.
You have an increased reservoir of magic. (+10% MP)
You expend magic power (3 MP) to strengthen your wands.


Message History

The fire elemental moves out of view.
Unknown command.
A deep elf high priest comes into view. It is wielding a +0 scimitar.
The deep elf high priest shouts!
The deep elf sorcerer casts a spell.
The deep elf sorcerer seems to speed up.
Two crawling corpses merge to form a small abomination. x3
The deep elf master archer shoots an arrow.
The arrow completely misses you.
The arrow hits the small abomination.
The deep elf high priest utters an invocation to its god.
The deep elf high priest begins emitting a brilliant aura!
The deep elf death mage is empowered by the deep elf high priest's aura!
The deep elf annihilator is empowered by the deep elf high priest's aura!
The deep elf high priest invokes the aid of its god against you.
Something smites you!
* * * LOW HITPOINT WARNING * * *
The deep elf annihilator casts a spell.
The deep elf annihilator blinks!
The deep elf annihilator hits you with a +0 long sword.
You die...

#.#
#.).#**##..,,,,,,****
###.#
##.).#*#..ee.,,,,,,***
#...#
#(...##...☼..,,,,,,,**
##...#
##.........E.E,,,,,,,,,
#....#
#......e.ee...,,,,,,,,,
#....#
#...........e.*,,,,,,,,
####....#
#....(e).....#**,,,,,,,
..##.<..#
#....(eexe.#******,,,,,
...#....#
#....c@)x.##,,^,,**,,,,
....#...#
#...().)....e.,,,,,,,,,
........#
#..e§ex.e.....⌠,,,,,,,,
....###.#
#.e..x.§......,,,,,,,,,
...## #.#
#..).§######..,,,,,,,,,
..## #.#
##.....,,,,**#**,,,,,**
.######.#
#####.,,,,,,,,****,**,
.#..##..#
*,,******,,,,,,,***,,
.#..#.#.#
*,,,,,,,*****,,,,,**,


You could see 2 deep elf master archers, 3 deep elf annihilators, 2 deep elf
death magi, 2 deep elf sorcerers, 3 deep elf high priests, a yaktaur, 3 deep elf
magi, 2 fire elementals, 3 small abominations, a +3 long sword of electrocution
and a crawling corpse.

Vanquished Creatures
  Saint Roka (Orc:2)
  Jorgrun (D:15)
  A kraken (Shoals:1)
  A deep elf blademaster (Elf:3)
  Frances (Shoals:2)
  Kirke (D:13)
  Louise (Snake:1)
  Aizul (Snake:2)
  3 deep elf demonologists
  A dire elephant (Lair:6)
  A minotaur (Gauntlet)
  A deep elf death mage (Elf:1)
  8 merfolk javelineers (Shoals:4)
  2 yaktaur captains
  Snorg (Lair:4)
  8 merfolk impalers
  A deep elf high priest (Elf:3)
  A vault guard (D:15)
  A rakshasa (D:15)
  4 centaur warriors
  12 hydras
  3 anacondas
  2 naga warriors
  Erica (D:8)
  5 merfolk avatars
  3 two-headed ogres
  3 catoblepae
  6 dancing weapons
  5 merfolk aquamancers (Shoals:4)
  5 death yaks
  3 satyrs
  2 orc high priests (Orc:2)
  2 naga sharpshooters
  4 shock serpents
  Sonja (D:11)
  15 deep elf knights
  A salamander mystic (Snake:2)
  12 sea snakes
  A sixfirhy (Lair:6)
  3 skeletal warriors (D:13)
  A deep troll (D:9)
  An unseen horror (D:13)
  2 naga ritualists
  10 deep elf archers
  2 wizards
  Pikel (D:8)
  A wolf spider zombie (D:10)
  5 harpies (Shoals:4)
  5 orc sorcerers
  5 orc knights
  5 mana vipers
  59 deep elf magi
  4 oklob plants (Lair:5)
  19 fauns
  13 ugly things
  6 cyclopes
  12 manticores
  6 salamanders (Snake:2)
  7 elephants
  A smoke demon (Lair:6)
  Joseph (D:9)
  26 black mambas
  7 merfolk sirens
  3 naga magi
  6 water nymphs
  8 spiny frogs
  Maggie (D:8)
  3 gargoyles
  A freezing wraith (D:15)
  5 rime drakes
  An orange demon (Lair:6)
  2 torpor snails
  3 kobold demonologists
  3 yaktaurs
  7 komodo dragons
  3 ice devils (Lair:6)
  A queen bee (D:9)
  2 red devils (Lair:6)
  3 trolls
  A polar bear (Lair:4)
  A harpy zombie (D:15)
  16 slime creatures
  25 merfolk
  4 wind drakes
  Prince Ribbit (D:9)
  10 blink frogs
  11 snapping turtles
  4 dream sheep (Shoals:4)
  19 hippogriffs
  18 flying skulls (D:13)
  Sigmund (D:4)
  30 yaks
  4 air elementals
  13 water elementals
  2 shadows
  6 wyverns
  Eustachio (D:3)
  4 hungry ghosts
  4 hogs (D:13)
  7 basilisks
  A steam dragon (D:7)
  6 vampire mosquitoes
  5 wargs
  3 small abominations (Gauntlet)
  A soldier ant (D:14)
  7 nagas
  An acid dragon (D:13)
  20 water moccasins
  4 hell hounds (Lair:6)
  7 porcupines
  Duvessa (D:5)
  A large abomination (Gauntlet)
  25 orc warriors
  3 sky beasts
  5 ice beasts
  2 black bears
  A hornet zombie (D:14)
  2 phantoms
  34 wolves
  2 eyes of draining
  17 centaurs
  13 ogres
  15 crocodiles
  Blork the orc (Orc:2)
  10 bullfrogs
  6 big kobolds
  An earth elemental (Elf:2)
  A water moccasin zombie (D:10)
  A wyvern skeleton (D:14)
  Dowan (D:5)
  A scorpion (D:12)
  27 killer bees
  19 wights
  2 electric eels (D:14)
  A centaur zombie (Ossuary)
  5 crimson imps
  A wyvern simulacrum (D:9)
  A quasit (D:14)
  4 bullfrog zombies
  14 orc priests
  4 bullfrog skeletons
  5 hounds
  27 orc wizards
  4 centaur skeletons
  4 iguanas
  13 worker ants
  2 hound zombies (Ossuary)
  A hound skeleton (D:8)
  16 mummies (Ossuary)
  3 worker ant zombies
  6 gnolls (D:6)
  14 adders
  3 shadow imps
  7 adder zombies
  2 adder skeletons
  A worm (D:3)
  2 leopard geckos
  85 orcs
  5 ball pythons
  5 giant cockroaches
  4 goblins
  5 hobgoblins
  12 jackals
  30 kobolds
  5 quokkas
  4 bats
  3 frilled lizards
  A jackal zombie (Ossuary)
  2 leopard gecko zombies (Ossuary)
  A quokka zombie (D:6)
  4 rats
  A fungus (Lair:5)
  3 plants
  4 tentacles (Shoals:1)
1122 creatures vanquished.

Vanquished Creatures (others)
  Nikola (Shoals:1)
  A deep elf archer (Elf:2)
  2 deep elf magi (Elf:3)
  3 fauns
  A manticore (Shoals:1)
  An orc priest (Orc:2)
  2 crawling corpses (Elf:3)
  4 fungi
  12 plants
  2 withered plants (Ossuary)
29 creatures vanquished.

Grand Total: 1151 creatures vanquished

Notes
Turn   | Place    | Note
-------+----------+-------------------------------------------
     0 | D:1      | Epan the Gargoyle Earth Elementalist began the quest for
                  | the Orb.
     0 | D:1      | Reached XP level 1. HP: 10/10 MP: 3/3
   786 | D:1      | Reached XP level 2. HP: 7/15 MP: 0/5
  1315 | D:2      | Reached XP level 3. HP: 17/19 MP: 2/6
  1352 | D:2      | Learned a level 3 spell: Stone Arrow
  1538 | D:2      | Noticed an ogre
  1548 | D:2      | Killed an ogre
  1548 | D:2      | Reached skill level 1 in Conjurations
  1548 | D:2      | Reached skill level 5 in Earth Magic
  1548 | D:2      | Reached XP level 4. HP: 24/24 MP: 3/9
  1548 | D:2      | Reached XP level 5. HP: 28/28 MP: 3/10
  1574 | D:2      | Learned a level 5 spell: Lee's Rapid Deconstruction
  2086 | D:3      | Found a basalt altar of Yredelemnul.
  2832 | D:4      | Noticed Eustachio
  2842 | D:3      | Killed Eustachio
  2842 | D:3      | Reached XP level 6. HP: 32/32 MP: 8/12
  3112 | D:4      | Reached XP level 7. HP: 21/36 MP: 13/13
  3634 | D:4      | Found a staircase to the Ecumenical Temple.
  3641 | Temple   | Entered the Ecumenical Temple
  3722 | Temple   | Became a worshipper of Vehumet
  3804 | D:4      | Found Xaptony's Magic Scroll Shoppe.
  3807 | D:4      | Bought a scroll of teleportation for 36 gold pieces
  3807 | D:4      | Bought a scroll of identify for 24 gold pieces
  3807 | D:4      | Bought a scroll of teleportation for 36 gold pieces
  3807 | D:4      | Bought a scroll of teleportation for 36 gold pieces
  4185 | D:4      | Found a shattered altar of Ashenzari.
  4290 | D:4      | Noticed Sigmund
  4294 | D:4      | Killed Sigmund
  4508 | D:4      | Reached skill level 5 in Spellcasting
  4553 | D:5      | Entered Level 5 of the Dungeon
  4587 | D:5      | Reached XP level 8. HP: 42/42 MP: 15/15
  4704 | D:5      | Noticed Dowan
  4724 | D:5      | Killed Dowan
  4724 | D:5      | Reached skill level 1 in Fighting
  4724 | D:5      | Reached skill level 1 in Armour
  4812 | D:5      | Noticed Duvessa
  4846 | D:5      | Killed Duvessa
  4846 | D:5      | Reached skill level 1 in Maces & Flails
  4846 | D:5      | Reached skill level 5 in Conjurations
  4994 | D:5      | Found a blossoming altar of Fedhas.
  5006 | D:5      | Reached * piety under Vehumet
  5006 | D:5      | Offered knowledge of Foxfire by Vehumet.
  5174 | D:5      | Found an ancient bone altar of Kikubaaqudgha.
  5770 | D:6      | Found a hide-covered altar of Uskayaw.
  5771 | D:6      | Noticed a +0 dagger
  5771 | D:6      | Noticed a -1 hand axe
  6161 | D:7      | Reached XP level 9. HP: 45/49 MP: 17/17
  6181 | D:7      | Got a transparent rapier
  6182 | D:7      | Identified the +11 rapier of Stickiness {pierce, rPois MR+
                  | Str+4 Dex+3} (You found it on level 7 of the Dungeon)
  6226 | D:7      | Found a sparkling altar of Nemelex Xobeh.
  6286 | D:7      | Offered knowledge of Magic Dart by Vehumet.
  6302 | D:7      | Reached ** piety under Vehumet
  6344 | D:7      | Reached skill level 1 in Short Blades
  6344 | D:7      | Reached skill level 1 in Evocations
  6669 | D:7      | Found a white marble altar of Elyvilon.
  6698 | D:7      | Noticed a five-headed hydra
  6704 | D:7      | Killed a five-headed hydra
  6704 | D:7      | Reached XP level 10. HP: 56/56 MP: 14/19
  6945 | D:8      | Noticed Maggie
  6964 | D:8      | Noticed Erica
  6974 | D:8      | Killed Erica
  6984 | D:8      | Found a sacrificial altar of Ru.
  6996 | D:8      | Found a burning altar of Makhleb.
  7245 | D:8      | Offered knowledge of Searing Ray by Vehumet.
  7378 | D:8      | Found a staircase to the Lair.
  7400 | D:8      | Noticed Pikel
  7410 | D:8      | Found a sand-covered staircase.
  7413 | Ossuary  | Entered an ossuary
  7518 | Ossuary  | Reached *** piety under Vehumet
  7544 | Ossuary  | Gained mutation: You are clumsy. (Dex -2) [potion of
                  | mutation]
  7544 | Ossuary  | Gained mutation: Your body sometimes deteriorates upon
                  | taking damage. [potion of mutation]
  7544 | Ossuary  | Gained mutation: You possess an exceptional clarity of
                  | mind. [potion of mutation]
  7713 | Ossuary  | Offered knowledge of Olgreb's Toxic Radiance by Vehumet.
  7827 | D:8      | Killed Pikel
  8208 | D:8      | Killed Maggie
  8262 | D:9      | Reached skill level 5 in Armour
  8269 | D:9      | Reached skill level 5 in Fighting
  8269 | D:9      | Reached XP level 11. HP: 44/63 MP: 9/21
  8518 | D:9      | Reached **** piety under Vehumet
  8564 | D:9      | Offered knowledge of Airstrike by Vehumet.
  8734 | D:9      | Found Igishi's Book Emporium.
  8990 | D:9      | Noticed Joseph
  9002 | D:9      | Killed Joseph
  9118 | D:9      | Noticed Prince Ribbit
  9123 | D:9      | Killed Prince Ribbit
  9222 | D:9      | Noticed a two-headed ogre
  9231 | D:9      | Killed a two-headed ogre
  9242 | D:9      | Noticed a deep troll
  9243 | D:9      | Noticed a deep elf mage
  9475 | D:9      | Killed a deep elf mage
  9527 | D:9      | Killed a deep troll
  9653 | D:10     | Entered Level 10 of the Dungeon
  9701 | D:10     | Reached skill level 5 in Dodging
  9701 | D:10     | Reached skill level 10 in Earth Magic
  9716 | D:10     | Found the ring of Robustness {AC+8}
  9856 | D:10     | Found Qiammixt's Food Boutique.
 10467 | D:11     | Found a frozen archway.
 10538 | D:11     | Found a gate leading to a gauntlet.
 10539 | D:11     | Noticed a two-headed ogre
 10548 | Gauntlet | Entered a Gauntlet
 10548 | Gauntlet | Found a transporter.
 10548 | Gauntlet | Found a transporter.
 10558 | Gauntlet | Found a transporter.
 10561 | Gauntlet | Found a transporter.
 10569 | Gauntlet | Found a transporter.
 10572 | Gauntlet | Found a transporter.
 10580 | Gauntlet | Found a transporter.
 10589 | Gauntlet | Noticed an entropy weaver
 10595 | Gauntlet | Noticed a brown ugly thing
 10598 | Gauntlet | Found a transporter.
 10598 | Gauntlet | Noticed a great orb of eyes
 10598 | Gauntlet | Noticed a green ugly thing
 10604 | Gauntlet | Found a transporter.
 10606 | Gauntlet | Found a transporter.
 10616 | Gauntlet | Found a transporter.
 10666 | Gauntlet | Found a transporter.
 10811 | Gauntlet | Reached ***** piety under Vehumet
 10811 | Gauntlet | Offered knowledge of Iskenderun's Battlesphere by Vehumet.
 10923 | Gauntlet | Reached XP level 12. HP: 34/71 MP: 23/23
 11177 | Gauntlet | Got a scintillating silver ring
 11224 | Gauntlet | Identified the cursed +2 halberd of Interdependent Arising
                  | {venom, Int+5 Dex+3}
 11224 | Gauntlet | Identified the +7 chain mail of Kieri {Regen+ Str+5}
 11224 | Gauntlet | Noticed a minotaur
 11237 | Gauntlet | Killed a minotaur
 11286 | Gauntlet | Found the +9 staff of Olgreb {rPois∞}
 11300 | Gauntlet | Identified the ring "Komoos" {rCorr Int+4} (You found it in
                  | a Gauntlet)
 11596 | D:11     | Killed a two-headed ogre
 11596 | D:11     | Reached skill level 5 in Short Blades
 11740 | D:11     | Reached skill level 5 in Evocations
 11970 | D:11     | Found a staircase to the Orcish Mines.
 12145 | D:11     | Found a white marble altar of Elyvilon.
 12202 | D:11     | Noticed Sonja
 12256 | D:11     | Killed Sonja
 12360 | D:12     | Noticed a two-headed ogre
 12365 | D:12     | Killed a two-headed ogre
 13927 | D:13     | Reached XP level 13. HP: 72/78 MP: 15/25
 15329 | D:13     | You fall into a shaft and drop 2 floors!
 15329 | D:15     | Entered Level 15 of the Dungeon
 15529 | D:15     | Reached ****** piety under Vehumet
 15532 | D:15     | Offered knowledge of Iron Shot by Vehumet.
 15540 | D:15     | Learned a level 6 spell: Iron Shot
 15576 | D:15     | Reached skill level 10 in Conjurations
 15580 | D:15     | Found a staircase to the Depths.
 15580 | D:15     | Noticed a yaktaur captain
 15589 | D:15     | Killed a yaktaur captain
 15974 | D:15     | Noticed a vault guard
 15983 | D:15     | Killed a vault guard
 16078 | D:15     | Found a portal to a secret trove of treasure.
 16333 | D:13     | Found the +3 giant club "Skullcrusher" {speed, Str+7}
 16675 | D:13     | Noticed Kirke
 16692 | D:13     | Killed Kirke
 16692 | D:13     | Gained mutation: Your large and strong wings let you fly
                  | indefinitely. [Gargoyle growth]
 16692 | D:13     | Reached XP level 14. HP: 67/86 MP: 27/27
 18286 | D:14     | Found a gate to the Vaults.
 18736 | D:14     | Found a runed translucent door.
 18738 | D:14     | Noticed a sphinx
 18738 | D:14     | Noticed Gaefyoc's ghost (journeyman KoWz)
 18787 | D:14     | Offered knowledge of Starburst by Vehumet.
 18795 | D:14     | Learned a level 6 spell: Starburst
 19602 | Lair:1   | Entered Level 1 of the Lair of Beasts
 19899 | Lair:1   | Reached skill level 10 in Fighting
 20229 | Lair:1   | Lost mutation: You are clumsy. (Dex -2) [potion of
                  | mutation]
 20229 | Lair:1   | Lost mutation: Your body sometimes deteriorates upon taking
                  | damage. [potion of mutation]
 20229 | Lair:1   | Gained mutation: You have sharp toenails. [potion of
                  | mutation]
 20229 | Lair:1   | Gained mutation: You have an increased reservoir of magic.
                  | (+10% MP) [potion of mutation]
 20229 | Lair:1   | Gained mutation: You expend magic power (3 MP) to
                  | strengthen your wands. [potion of mutation]
 20528 | Lair:2   | Identified a scroll of acquirement
 20528 | Lair:2   | Identified the +0 hat of the Ego {rElec rC+ Str+6 Int-3}
                  | (You acquired it on level 2 of the Lair of Beasts)
 22125 | Lair:4   | Reached skill level 10 in Spellcasting
 22405 | Lair:4   | Found a staircase to the Shoals.
 22443 | Lair:4   | Reached XP level 15. HP: 41/92 MP: 25/31
 22505 | Lair:4   | Reached skill level 5 in Maces & Flails
 22521 | Lair:4   | Offered knowledge of Fireball by Vehumet.
 22767 | Lair:4   | Found a staircase to the Snake Pit.
 22821 | Lair:4   | Noticed Snorg
 22828 | Lair:4   | Killed Snorg
 22933 | Lair:4   | Learned a level 5 spell: Fireball
 23470 | Lair:5   | Found a staircase to the Slime Pits.
 24474 | Lair:6   | Entered Level 6 of the Lair of Beasts
 24884 | Lair:6   | Offered knowledge of Ozocubu's Refrigeration by Vehumet.
 25673 | Lair:6   | Reached XP level 16. HP: 100/100 MP: 11/33
 25724 | Lair:6   | Found a burning altar of Makhleb.
 25859 | Lair:6   | Found a gateway to Hell.
 26563 | Orc:1    | Entered Level 1 of the Orcish Mines
 26646 | Orc:1    | Found Lasmiaclo's Armour Emporium.
 26650 | Orc:1    | Found Akhodghath's Antique Armour Shoppe.
 26658 | Orc:1    | Bought a shiny helmet for 217 gold pieces
 26845 | Orc:2    | Entered Level 2 of the Orcish Mines
 26956 | Orc:1    | Offered knowledge of Spellforged Servitor by Vehumet.
 27043 | Orc:2    | Found a staircase to the Elven Halls.
 27073 | Orc:2    | Noticed Saint Roka
 27076 | Orc:2    | Found a roughly hewn altar of Beogh.
 27115 | Orc:2    | Killed Saint Roka
 27353 | Orc:2    | Noticed Blork the orc
 27363 | Orc:2    | Killed Blork the orc
 27536 | Orc:2    | Found Osmoarur's Book Boutique.
 27589 | Orc:2    | Found Soal's Antique Armour Boutique.
 27721 | Orc:2    | Found Baobb's Antique Weapon Boutique.
 28019 | Orc:2    | Found Oguxkomn's General Store.
 28026 | Orc:2    | Bought a scroll of identify for 30 gold pieces
 28026 | Orc:2    | Bought a scroll of identify for 30 gold pieces
 28512 | D:15     | Noticed Jorgrun
 28525 | D:15     | HP: 3/101 [Jorgrun/uncursed staff of earth (7)]
 28527 | D:15     | Killed Jorgrun
 29014 | Elf:1    | Entered Level 1 of the Elven Halls
 29221 | Orc:2    | Bought a book of the Tempests for 770 gold pieces
 29295 | Elf:1    | Reached skill level 1 in Fire Magic
 29396 | Elf:1    | Reached skill level 2 in Fire Magic
 29403 | Elf:1    | Reached skill level 3 in Fire Magic
 29422 | Elf:1    | Offered knowledge of Orb of Destruction by Vehumet.
 29441 | Elf:1    | Reached skill level 4 in Fire Magic
 29622 | Elf:1    | Learned a level 8 spell: Ignition
 29629 | Elf:1    | Identified Dispater's Guide on Calling
 29655 | Elf:1    | Reached skill level 5 in Fire Magic
 29709 | Elf:1    | Found Zobbuuza's Book Emporium.
 29763 | Elf:1    | Reached skill level 6 in Fire Magic
 30097 | Elf:1    | Reached XP level 17. HP: 106/106 MP: 35/35
 30114 | Elf:1    | Reached skill level 7 in Fire Magic
 30530 | Elf:2    | Found a shimmering blue altar of Sif Muna.
 30611 | Elf:2    | Reached skill level 8 in Fire Magic
 30705 | Elf:2    | Reached skill level 9 in Fire Magic
 31129 | Elf:2    | Found a huge runed translucent gate.
 31129 | Elf:2    | Found a huge runed translucent gate.
 31130 | Elf:2    | Found a huge runed translucent gate.
 31130 | Elf:2    | Found a huge runed translucent gate.
 31131 | Elf:2    | Found a huge runed translucent gate.
 31466 | Elf:3    | Entered Level 3 of the Elven Halls
 31762 | Snake:1  | Entered Level 1 of the Snake Pit
 31778 | Snake:1  | Reached skill level 10 in Fire Magic
 32112 | Snake:1  | Identified the +11 large shield of the Burgomaster {rN+}
 32112 | Snake:1  | Noticed Louise
 32130 | Snake:1  | Cast into level 3 of the Abyss (Louise)
 32130 | Abyss:3  | Found a radiant altar of Vehumet.
 32135 | Snake:1  | Escaped the Abyss
 32143 | Snake:1  | Killed Louise
 32611 | Snake:2  | Reached skill level 11 in Fire Magic
 32621 | Snake:2  | Offered knowledge of Lehudib's Crystal Spear by Vehumet.
 32621 | Snake:2  | Offered knowledge of Fire Storm by Vehumet.
 32621 | Snake:2  | Offered knowledge of Chain Lightning by Vehumet.
 33206 | Snake:2  | Reached skill level 12 in Fire Magic
 33275 | Snake:2  | Noticed Aizul
 33309 | Snake:2  | Killed Aizul
 34084 | Shoals:1 | Entered Level 1 of the Shoals
 34226 | Shoals:1 | Found Fatrin's Jewellery Boutique.
 34368 | Shoals:1 | Noticed Nikola
 34375 | Shoals:1 | Killed Nikola
 34393 | Shoals:1 | Reached skill level 13 in Fire Magic
 34523 | Shoals:1 | Reached XP level 18. HP: 69/112 MP: 36/36
 35444 | Shoals:2 | Noticed Frances
 35453 | Shoals:2 | Killed Frances
 35453 | Shoals:2 | Reached skill level 14 in Fire Magic
 36679 | Shoals:3 | Identified the +3 pair of gloves of Xeeb {+Inv rF- MR+
                  | rCorr Str+3} (You found it on level 3 of the Shoals)
 37015 | Shoals:3 | Reached skill level 15 in Fire Magic
 37546 | Shoals:4 | Entered Level 4 of the Shoals
 37752 | Shoals:3 | Upgraded the game from 0.25-a0-404-gc1b5a34292 to
                  | 0.25-a0-410-g53dbb631d1
 37830 | Shoals:4 | Reached skill level 16 in Fire Magic
 37919 | Shoals:4 | Got a barnacled rune of Zot
 38054 | Shoals:4 | Found the +6 arbalest "Damnation" {damnation}
 38746 | Shoals:4 | Reached XP level 19. HP: 116/116 MP: 33/37
 40405 | Elf:3    | Identified the +1 battleaxe of the Hidden Vale {freeze,
                  | rElec rC++ Int-3}
 40407 | Elf:3    | Reached skill level 10 in Dodging
 40411 | Elf:3    | HP: 3/117 [deep elf high priest/divine providence (16)]
 40411 | Elf:3    | Slain by a deep elf annihilator

Levels and vault maps discovered:
D:1:      lightli_arrival_boilingwater, layout_basic
D:2:      layout_loops_ring, minmay_misc_feat_alley
D:3:      layout_basic, yredelemnul_altar_generic
D:4:      layout_basic, ashenzari_altar_1, minmay_temple_entry_enclosed_plants,
          serial_shops, shop, uniq_sigmund, uniq_eustachio
D:5:      layout_loops_cross, lemuel_zombie_altar_kikubaaqudgha, first_ration,
          lemuel_altar_in_water, uniq_duvessa
D:6:      layout_loops_corners, dancing_weapons_uskayaw
D:7:      layout_loops_cross, kennysheep_mini,
          nemelex_xobeh_ov_fountains_minmay, serial_bayou_pond_d
D:8:      layout_cave_pods, lair_entry_dummy, serial_park, serial_park_tiny_2,
          serial_park_gazebo [serial_park_minivault_5x5_4], serial_park_avenue1,
          basic_altar, lightli_ossuary_entry_decrepit_ruins, uniq_maggie,
          uniq_erica, uniq_pikel
D:9:      minmay_shrinking_squares, layout_rooms, minmay_shop_grid_forest,
          david_nohive_1, uniq_prince_ribbit1, uniq_joseph
D:10:     layout_stronghold, serial_shops, nicolae_shop_trees
D:11:     layout_cross, hiddenorc2_lemuel, gauntlet_entry_generic,
          portal_ice_cave_entry_pillars_2, elyvilon_altar_3, uniq_sonja
D:12:     layout_grid_maze, minmay_misc_feat_five
D:13:     layout_stronghold, minmay_guarded_unrand_skullcrusher, uniq_kirke
D:14:     layout_roguey, david_vaults_2, chequers_big_river,
          ebering_ghost_inner_flame, minmay_misc_feat_rugged, st_stairs_11
D:15:     grunt_enter_depths_snipers, layout_basic, enter_trove_5, minmay_bent,
          uniq_jorgrun
Temple:   eino_temple_scatter_basement
Lair:1:   layout_hall_layers, serial_bayou_shore_b, serial_bayou_shore_b
Lair:2:   layout_regular_city
Lair:3:   layout_layer_cave, serial_bayou_shore_a
Lair:4:   layout_roguey, elwin_shoals_entry_rocks,
          minmay_snake_entry_six_corridors, nicolae_lair_yak_garden, uniq_snorg
Lair:5:   layout_misc_corridors, slime_dummy, grunt_megastairs_1,
          infiniplex_staircase_pool, lemuel_fruit_fields,
          minmay_lair_oklob_chamber
Lair:6:   evil_forest, layout_hall_layers, special_room
          [special_room_mythical_zoo], st_stairs_11,
          grunt_forest_large_clearings, lemuel_fruit_tree
Shoals:1: layout_shoals, serial_shops,
          nicolae_shop_temple_entry_statues_fountains, uniq_nikola
Shoals:2: layout_shoals, uniq_frances
Shoals:3: layout_shoals
Shoals:4: shoals_end_simple, layout_shoals
Snake:1:  layout_grid_shapes, uniq_louise
Snake:2:  layout_layer_cave, uniq_aizul
Snake:3:  layout_layer_cave
Orc:1:    layout_caves, serial_shops, nicolae_shop_crystal, nicolae_shop_trees
Orc:2:    grunt_orc_cross, layout_diamond_mine, uniq_saint_roka
Elf:1:    eino_elf_arrival_shootout, layout_gridlike, serial_shops, shop,
          minmay_elf_demonology, minmay_misc_feat_pillars
Elf:2:    layout_geoelf_diagonals, basic_altar
Elf:3:    minmay_elf_hall_circle, layout_rooms

Skill      XL: |  1  2  3  4  5  6  7  8  9 10 11 12 13 14 15 16 17 18 19 |
---------------+----------------------------------------------------------+-----
Earth Magic    | 4 5 6 7 8 9 10 11 12 13 14 | 14.8
Spellcasting   | 3 4 5 6 7 8 9 10 11 | 11.6
Conjurations   | 1 3 4 5 6 7 8 9 10 11 12 13 | 13.2
Fighting       | 2 3 5 6 7 9 10 11 12 | 12.4
Armour         | 2 3 5 6 |  6.0
Maces & Flails | 2 3 4 6 7 8 |  8.5
Dodging        | 2 3 4 5 6 7 8 9 10 | 10.0
Short Blades   | 1 3 4 5 7 8 |  8.0
Evocations     | 1 3 4 5 6 |  6.0
Fire Magic     | 6 13 16 | 16.5
Stealth        | |  2.1
Transmutations | |  0.7

Action                   |  1- 3 |  4- 6 |  7- 9 | 10-12 | 13-15 | 16-18 | 19-21 || total
-------------------------+-------+-------+-------+-------+-------+-------+-------++-------
Melee: Whip              |    93 |    12 |       |       |       |       |       ||   105
       Dagger            |       |    30 |       |       |       |       |       ||    30
       Rapier            |       |    41 |   242 |   535 |   913 |  1047 |    73 ||  2851
 Cast: Sandblast         |    22 |    38 |    28 |   161 |   174 |    38 |       ||   461
       Lee's Rapid Decon |       |     1 |     7 |    40 |    34 |    63 |       ||   145
       Stone Arrow       |       |       |     5 |     9 |     1 |       |       ||    15
       Iron Shot         |       |       |       |       |    35 |    98 |     9 ||   142
       Fireball          |       |       |       |       |    18 |    29 |       ||    47
       Starburst         |       |       |       |       |     8 |    19 |     1 ||    28
       Ignition          |       |       |       |       |       |    20 |     5 ||    25
 Abil: Fly               |       |       |       |       |       |     1 |       ||     1
Evoke: Wand              |       |       |       |    13 |     7 |    13 |       ||    33
       Lamp of fire      |       |       |       |       |     2 |     1 |       ||     3
  Use: Scroll            |       |     9 |     6 |    19 |    12 |    13 |     2 ||    61
       Potion            |       |       |     3 |     4 |     1 |    11 |     3 ||    22
 Stab: Sleeping          |     3 |     4 |     8 |     8 |    11 |     3 |     1 ||    38
       Distracted        |       |       |     1 |     3 |     1 |       |       ||     5
       Invisible         |       |       |       |     2 |       |       |       ||     2
       Petrified         |       |       |       |       |     7 |       |       ||     7
       Petrifying        |       |       |       |       |     1 |       |       ||     1
  Eat: Chunk             |     2 |     5 |    13 |    21 |    42 |    49 |     8 ||   140
       Ration            |       |       |     1 |     5 |     5 |    12 |     1 ||    24
Armor: Robe              |    34 |    51 |   139 |   360 |   588 |   543 |    30 ||  1745
Dodge: Dodged            |    84 |    68 |   188 |   553 |   882 |   760 |    57 ||  2592

Table legend:
 A = Non-vault XP
 B = Vault XP
 C = Vault XP percentage of total XP
 D = Non-vault monster count
 E = Vault monster count
 F = Vault count percentage of total count
                 A         B        C        D         E       F
            +---------+---------+-------+---------+---------+-------
      Total |  217331 |  127779 |  37.0 |     768 |     352 |  31.4
            +---------+---------+-------+---------+---------+-------
        D:1 |      17 |       0 |   0.0 |       9 |       0 |   0.0
        D:2 |     192 |       0 |   0.0 |      25 |       0 |   0.0
        D:3 |      69 |     197 |  74.1 |      12 |       1 |   7.7
        D:4 |     438 |     223 |  33.7 |      24 |       1 |   4.0
        D:5 |     233 |     214 |  47.9 |      13 |       2 |  13.3
        D:6 |     577 |       0 |   0.0 |      18 |       0 |   0.0
        D:7 |    2489 |       0 |   0.0 |      25 |       0 |   0.0
        D:8 |    1255 |    2210 |  63.8 |      27 |       6 |  18.2
        D:9 |    2571 |    4325 |  62.7 |      34 |      22 |  39.3
       D:10 |    1783 |       0 |   0.0 |      14 |       0 |   0.0
       D:11 |    3720 |    1406 |  27.4 |      29 |      33 |  53.2
       D:12 |    3119 |       0 |   0.0 |      24 |       0 |   0.0
       D:13 |   10203 |    9314 |  47.7 |      53 |      26 |  32.9
       D:14 |   15283 |    2299 |  13.1 |      47 |       6 |  11.3
       D:15 |    6472 |    9002 |  58.2 |      21 |      11 |  34.4
     Lair:1 |    3445 |       0 |   0.0 |      15 |       0 |   0.0
     Lair:2 |     529 |       0 |   0.0 |       2 |       0 |   0.0
     Lair:3 |    4932 |       0 |   0.0 |      15 |       0 |   0.0
     Lair:4 |    6478 |    6035 |  48.2 |      24 |      24 |  50.0
     Lair:5 |    2254 |    4114 |  64.6 |      12 |      13 |  52.0
     Lair:6 |   11877 |   21533 |  64.5 |      30 |      73 |  70.9
   Shoals:1 |   15254 |    3517 |  18.7 |      26 |       1 |   3.7
   Shoals:2 |   13155 |    2224 |  14.5 |      25 |       1 |   3.8
   Shoals:3 |   12601 |       0 |   0.0 |      28 |       0 |   0.0
   Shoals:4 |   14828 |   27010 |  64.6 |      34 |      37 |  52.1
    Snake:1 |    9723 |    1752 |  15.3 |      19 |       1 |   5.0
    Snake:2 |   18392 |    1669 |   8.3 |      33 |       1 |   2.9
      Orc:1 |    1949 |       0 |   0.0 |      25 |       0 |   0.0
      Orc:2 |    2330 |   11387 |  83.0 |      21 |      34 |  61.8
      Elf:1 |   18449 |    6973 |  27.4 |      27 |      11 |  28.9
      Elf:2 |   15570 |    3185 |  17.0 |      28 |       5 |  15.2
      Elf:3 |   17144 |    6118 |  26.3 |      29 |       4 |  12.1
    Ossuary |       0 |     578 | 100.0 |       0 |      30 | 100.0
   Gauntlet |       0 |    2494 | 100.0 |       0 |       9 | 100.0
            +---------+---------+-------+---------+---------+-------
